 Dungeon Crawl Stone Soup version 0.21.1-1-g345015f (webtiles) character file.

189 n0claF the Shooter (level 5, -1/44 HPs)
             Began as a Centaur Hunter on June 21, 2018.
             Slain by olivier's ghost (13 damage)
             ... on level 3 of the Dungeon.
             The game lasted 00:11:06 (3064 turns).

n0claF the Shooter (Centaur Hunter)                 Turns: 3064, Time: 00:11:07

Health: -1/44      AC:  4    Str: 15    XL:     5   Next: 40%
Magic:  5/5        EV:  9    Int: 10    God:
Gold:   68         SH:  0    Dex: 10    Spells: 4/4 levels left

rFire    . . .     SeeInvis .     - Unarmed
rCold    . . .     Gourm    .   (no shield)
rNeg     . . .     Faith    .   c - +0 leather armour
rPois    .         Spirit   .   (no helmet)
rElec    .         Reflect  .   (no cloak)
rCorr    .         Harm     .   (no gloves)
MR       .....                  (no barding)
Stlth    +.........             (no amulet)
HPRegen  0.14/turn              (no ring)
MPRegen  0.09/turn              (no ring)

@: very quick
A: large, hooves 3, deformed body, speed 2, tough skin 3
a: no special abilities


You were on level 3 of the Dungeon.
You were not hungry.

You visited 1 branch of the dungeon, and saw 3 of its levels.

You collected 68 gold pieces.

Inventory:

Hand Weapons
 a - a +1 shortbow
Armour
 c - a +0 leather armour (worn)
Jewellery
 l - a +2 ring of evasion {unknown}
   (You found it on level 2 of the Dungeon)
Scrolls
 j - 2 scrolls of remove curse {unknown}
 k - a scroll of immolation {unknown}
 m - 3 scrolls of identify {unknown}
 n - a scroll of enchant armour {unknown}
 p - a scroll of teleportation {unknown}
Potions
 f - a potion of haste {unknown}
 g - a potion of berserk rage {unknown}
 h - a potion of heal wounds {@q2}
 i - a potion of curing {unknown}
 o - a potion of agility {unknown}
 q - a potion of mutation {unknown}
Comestibles
 b - a chunk of flesh
 e - 8 rations {!d}


   Skills:
 + Level 2.8 Fighting
 * Level 6.8 Bows
 + Level 2.0 Dodging
 + Level 1.4 Stealth
 + Level 1.9 Unarmed Combat


You had 4 spell levels left.
You didn't know any spells.

Dungeon Overview and Level Annotations

Branches:
Dungeon (3/15)

Altars:
Dithmenos
Zin

Annotations:
D:3 1 runed door, olivier's ghost, amateur GnFi


Innate Abilities, Weirdness & Mutations

You have hooves in place of feet.
Armour fits poorly on your strangely shaped body.
You cover ground very quickly.
You have extremely tough skin. (AC +3)


Message History

Aim: olivier's ghost (lightly damaged)
You shoot an arrow.
The arrow hits olivier's ghost but does no damage.
Aim: olivier's ghost (lightly damaged)
You shoot an arrow. The arrow hits olivier's ghost.
Olivier's ghost screams, "You must not succeed where I failed!"
You see here a club.
Aim: olivier's ghost (lightly damaged)
You shoot an arrow.
The arrow barely misses olivier's ghost.
The adder hisses angrily.
You see here a gnoll skeleton.
Aim: olivier's ghost (lightly damaged)
You shoot an arrow. The arrow hits olivier's ghost.
Olivier's ghost says, "You can hit me, but you can't hurt me."
Aim: olivier's ghost (lightly damaged)
You shoot an arrow. The arrow hits olivier's ghost.
Aim: olivier's ghost (moderately damaged)
You shoot an arrow.
The arrow closely misses olivier's ghost.
Olivier's ghost shrieks, "Death is your only future!"
Aim: olivier's ghost (moderately damaged, haloed)
You shoot an arrow.
The arrow hits olivier's ghost but does no damage.
Olivier's ghost whispers, "Trust me.
Just give in."
Olivier's ghost says, "You can hit me, but you can't hurt me."
You are now empty-handed.
Things that are here:
17 stones; a short sword You see here 2 stones.
A worm comes into view.
The worm moves out of view.
Things that are here:
a chain mail; a short sword
Items here: ))) [ a spear; a scale mail; a short sword x2
There is a stone staircase leading up, spattered with blood here.
You barely miss the worm. The worm barely misses you.
You hit the worm. You kick the worm. You hit the worm.
The worm barely misses you.
You barely miss the worm. Your kick misses the worm. You hit the worm.
You kick the worm, but do no damage.
Olivier's ghost says, "You can hit me, but you can't hurt me."
Olivier's ghost hits you! The worm bites you.
You hit the worm. Olivier's ghost hits you!
* * * LOW HITPOINT WARNING * * *
The worm bites you!
* * * LOW HITPOINT WARNING * * *
Olivier's ghost hits you!
You die...

#.# #.# #.#
###.###.###.#
#.....W.....#
#.###.#########.#
#.....# #.#
#.#######[### #.#
#...........# #.#
#.#######W#.###.§
§.# #.
#..@w.....§_ ..#
#. #.##.#....§.
.# #.
#.##.#..####
#.####.##.#....
#.........>..###
#.####.##..... #.
#.##.#..## #.
#.##.#..# #. #..


You could see a worm and olivier's ghost.

Vanquished Creatures
  Terence (D:2)
  A worker ant (D:2)
  3 gnolls (D:3)
  5 adders
  2 worms (D:3)
  4 dart slugs
  2 leopard geckos
  5 orcs (D:3)
  2 giant cockroaches
  2 goblins (D:1)
  5 hobgoblins
  7 bats
  A frilled lizard (D:2)
  10 kobolds
  5 rats
  A plant (D:2)
56 creatures vanquished.

Notes
Turn   | Place    | Note
-------+----------+-------------------------------------------
     0 | D:1      | n0claF the Centaur Hunter began the quest for the Orb.
     0 | D:1      | Reached XP level 1. HP: 17/17 MP: 1/1
   341 | D:1      | Reached XP level 2. HP: 24/24 MP: 2/2
   874 | D:2      | Reached XP level 3. HP: 29/29 MP: 3/3
  1106 | D:2      | Reached skill level 6 in Bows
  1106 | D:2      | Reached skill level 1 in Stealth
  1106 | D:2      | Reached skill level 1 in Unarmed Combat
  1216 | D:2      | Noticed Terence
  1226 | D:2      | Killed Terence
  1226 | D:2      | Reached XP level 4. HP: 37/37 MP: 4/4
  1867 | D:3      | Found a shadowy altar of Dithmenos.
  2428 | D:3      | Reached XP level 5. HP: 42/42 MP: 5/5
  2445 | D:3      | Found a glowing silver altar of Zin.
  2445 | D:3      | Found a runed door.
  2445 | D:3      | Noticed an angel
  2932 | D:3      | Noticed olivier's ghost (amateur GnFi)
  3064 | D:3      | Slain by olivier's ghost

Skill      XL: |  1  2  3  4 |
---------------+-------------+-----
Bows           | 6 |  6.8
Stealth        | 1 |  1.4
Unarmed Combat | 1 |  1.9
Dodging        | 2 |  2.0
Fighting       | |  2.8

Action                   |  1- 3 |  4- 6 || total
-------------------------+-------+-------++-------
Melee: Unarmed           |   106 |    40 ||   146
       Kick              |    31 |     8 ||    39
 Fire: Shortbow          |    62 |    81 ||   143
  Use: Potion            |       |     1 ||     1
  Eat: Chunk             |       |     5 ||     5
Armor: Leather armour    |    26 |    18 ||    44
Dodge: Dodged            |    41 |    33 ||    74
